 Dungeon Crawl Stone Soup version 0.29.1-15-g9cfb28693d (webtiles) character file.

Game seed: 11107410428142849057

144 javelincjr the Magician (level 5, -8/36 HPs)
             Began as a Djinni Conjurer on Feb 27, 2023.
             Killed by miscasting Iskenderun's Mystic Blast (11 damage)
             ... on level 5 of the Dungeon.
             The game lasted 00:09:40 (4423 turns).

javelincjr the Magician (Djinni Conjurer)           Turns: 4423, Time: 00:09:40

Health: -8/36      AC:  2    Str:  8    XL:     5   Next: 52%
Gold:   216        EV: 13    Int: 20    God:
                   SH:  0    Dex: 11

rFire   + + .      SeeInvis .   k - +0 dagger (speed)
rCold   x . .      Faith    .   (no shield)
rNeg    . . .      Spirit   .   a - +0 robe
rPois   ∞          Reflect  .   (no helmet)
rElec   .          Harm     .   (no cloak)
rCorr   .          Rampage  .   (no gloves)
Will    .....                   (boots unavailable)
Stlth   ++........              (no amulet)
HPRegen 0.12/turn               (no ring)
MPRegen 0.00/turn               (no ring)

@: flying, very slightly contaminated
A: sickness immunity, fire resistance 2, cold vulnerability 1, float, innate
caster, HP casting, extra vitality 1
a: no special abilities


You were on level 5 of the Dungeon.
You visited 1 branch of the dungeon, and saw 5 of its levels.

You collected 216 gold pieces.

Inventory:

Hand Weapons
 k - a +0 dagger of speed (weapon)
Armour
 a - a +0 robe (worn)
 h - an orb of guile
Jewellery
 m - a +4 ring of protection
 n - an amulet of faith
Scrolls
 b - 7 scrolls of fog {unknown}
 d - a scroll of teleportation {unknown}
 e - 5 scrolls of identify {unknown}
 i - 2 scrolls of enchant armour {unknown}
 j - a scroll of noise {unknown}
 l - a scroll of immolation {unknown}
 o - a scroll of summoning {unknown}
 p - a scroll of poison {unknown}
 q - a scroll of silence {unknown}
 t - 2 scrolls of enchant weapon {unknown}
Potions
 c - a potion of might {unknown}
 f - 3 potions of heal wounds {unknown}
 g - a potion of cancellation {unknown}
 r - 4 potions of haste {unknown}
 s - a potion of brilliance {unknown}
 u - a potion of berserk rage {unknown}


   Skills:
 * Level 0.4 Fighting
 + Level 0.0 Armour
 + Level 3.7 Dodging
 + Level 2.9 Stealth
 * Level 3.9 Spellcasting


You couldn't memorise any spells.
You knew the following spells:

 Your Spells              Type           Power      Damage    Failure   Level
a - Magic Dart            Conj           76%        1d6       2%          1
b - Searing Ray           Conj           38%        2d5       3%          2
c - Dazzling Flash        Conj/Hex       38%        N/A       8%          3
d - Fulminant Prism       Conj/Hex       9%         3d7       26%         4
e - Iskenderun's Mystic   Conj/Tloc      19%        2d6       26%         4
f - Summon Small Mammal   Summ           76%        N/A       2%          1
g - Static Discharge      Conj/Air       19%        3-6/arc   3%          2
Your spell library was empty.

Dungeon Overview and Level Annotations

Branches:
Dungeon (4/15)
 Temple: D:4-7

Altars:
Yredelemnul


Innate Abilities, Weirdness & Mutations

You are immune to sickness and miasma.
You are immune to poison.
Your flesh is very heat resistant. (rF++)
You are vulnerable to cold. (rC-)
You float through the air rather than walking.
You learn spells naturally, not from books.
Your magical power is your life essence.
You have superior vitality. (+4 MHP)


Message History

You erupt in a blast of force!
The mystic blast hits the iguana.
The iguana is heavily wounded.
The iguana is knocked back by the mystic blast.
* * * LOW HITPOINT WARNING * * *
You hear a shout! x2; You hear an angry hiss.
You hear a shout!
You see here a +0 spear.
An adder comes into view.
The iguana hisses menacingly.
Found Great Wizards, Vol.
VII.
Found a scroll labelled LUAQUT HAMA.
Found a scroll labelled BEHEGI NEIRHA.
An ogre comes into view. It is wielding a +0 giant club.
An orc warrior comes into view. It is wielding a +0 dire flail.
Found a scale mail.
Found 20 gold pieces.
The ogre shouts!
You hear a shout! x2
You see here a scroll labelled LUAQUT HAMA.
Casting: Iskenderun's Mystic Blast (extremely dangerous; 26% risk of failure)
Confirm with . or Enter, or press ? or * to list all spells.
The spell is extremely dangerous to miscast (26% risk of failure)!
Continue anyway?
You erupt in a blast of force!
The mystic blast hits the iguana.
The iguana is severely wounded.
The iguana is knocked back by the mystic blast.
The iguana slams into the rock wall!
* * * LOW HITPOINT WARNING * * *
You hear a shout! x2; You hear an angry hiss.
You see here a scroll labelled LUAQUT HAMA.
Casting: Iskenderun's Mystic Blast (extremely dangerous; 26% risk of failure)
Confirm with . or Enter, or press ? or * to list all spells.
The spell is extremely dangerous to miscast (26% risk of failure)!
Continue anyway? [Y]es or [N]o only, please.
The spell is extremely dangerous to miscast (26% risk of failure)!
Continue anyway? [Y]es or [N]o only, please.
The spell is extremely dangerous to miscast (26% risk of failure)!
Continue anyway? [Y]es or [N]o only, please.
The spell is extremely dangerous to miscast (26% risk of failure)!
Continue anyway?
You miscast Iskenderun's Mystic Blast.
You are very lightly contaminated with residual magic.
Energy rips through your body!
You die...

..... .... .....#
######## ### #....
##......# ##.## ..$
###.......#
##...###..####..@......#
...#...##.#....l#......#
##...#..........##.....#
##.##....#.##.........#
#.#.......#.....#..$.#
#.#...#...#..........#
#.#...##..............
##.###..#.........O....
##...##......###......


You could see an iguana.

Vanquished Creatures
  An orc wizard (D:3)
  A gnoll (D:1)
  3 adders
  A dart slug (D:2)
  4 orcs
  9 endoplasms
  A giant cockroach (D:1)
  5 goblins
  4 hobgoblins
  6 jackals
  13 kobolds
  4 quokkas
  8 ball pythons
  6 bats
  5 frilled lizards
  5 rats
76 creatures vanquished.

Vanquished Creatures (others)
  10 plants
10 creatures vanquished.

Grand Total: 86 creatures vanquished

Notes
Turn   | Place    | Note
-------+----------+-------------------------------------------
     0 | D:1      | javelincjr the Djinni Conjurer began the quest for the Orb.
     0 | D:1      | javelincjr set off with the following spells memorised:
                  | Magic Dart, Searing Ray, Dazzling Flash, Fulminant Prism,
                  | Iskenderun's Mystic Blast.
     0 | D:1      | Reached XP level 1. HP: 15/15 MP: 0/0
   210 | D:1      | Reached XP level 2. HP: 18/21 MP: 0/0
   565 | D:1      | Reached XP level 3. HP: 8/25 MP: 0/0
   565 | D:1      | Learned a level 1 spell: Summon Small Mammal
  1668 | D:2      | Reached XP level 4. HP: 23/31 MP: 0/0
  2070 | D:2      | Found a faded altar of an unknown god.
  3119 | D:3      | Reached XP level 5. HP: 31/35 MP: 0/0
  3119 | D:3      | Learned a level 2 spell: Static Discharge
  3298 | D:3      | Found a basalt altar of Yredelemnul.
  4360 | D:4      | You are sucked into a shaft and drop 1 floor!
  4360 | D:5      | Entered Level 5 of the Dungeon
  4413 | D:5      | Noticed an ogre
  4414 | D:5      | Noticed an orc warrior
  4423 | D:5      | Killed by miscasting Iskenderun's Mystic Blast

Illustrated notes

Levels and vault maps discovered:
D:1:      lemuel_arrival_behind_the_door_large, layout_basic
D:2:      layout_loops_corners, ebering_ecumenical_altar_mist,
          serial_bayou_pond_d, chequers_serial_rivers_large_b,
          dk_noncrumbling_2, grunt_decor_arrowhead
D:3:      layout_basic, amcnicky_altar_gilded, grunt_ministairs_15,
          lexackson_kobold_supper
D:4:      layout_loops_cross, kennysheep_slug_shrine, zin_purify
D:5:      layout_cave_pools, mainiacjoe_overflow_brackets,
          minmay_misc_feat_tower, kennysheep_cross_bottleneck,
          chequers_serial_rivers_micro_c, serial_bayou_lagoon_b

Skill      XL: |  1  2  3 |
---------------+----------+-----
Stealth        | 2 |  2.9
Dodging        | 3 |  3.7
Fighting       | |  0.4
Spellcasting   | |  3.9

Action                   |  1- 3 |  4- 6 || total
-------------------------+-------+-------++-------
Melee: Dagger            |     1 |   222 ||   223
       Punch             |       |     7 ||     7
 Cast: Magic Dart        |    59 |   106 ||   165
       Iskenderun's Myst |       |     2 ||     2
Armor: Robe              |       |     1 ||     1
Dodge: Dodged            |     5 |     6 ||    11
